 Seeded DCSS version 0.29-a0-72-g1732ff48e7 (webtiles) character file.

Game seed: 20220203 (custom seed)

1682 PezBoy the Skirmisher (level 8, -3/73 HPs)
             Began as a Minotaur Fighter on Feb 3, 2022.
             Was a Follower of Makhleb.
             Killed from afar by a steam dragon (21 damage)
             ... with a ball of steam
             ... on level 6 of the Dungeon on Feb 4, 2022.
             The game lasted 00:15:02 (5731 turns).

PezBoy the Skirmisher (Minotaur Fighter)            Turns: 5731, Time: 00:15:02

Health: -3/73      AC: 13    Str: 23    XL:     8   Next: 71%
Magic:  8/8        EV:  7    Int:  5    God:    Makhleb [*.....]
Gold:   138        SH:  5    Dex: 10    Spells: 7/7 levels left

rFire   . . .      SeeInvis .   a - +0 war axe
rCold   . . .      Faith    .   c - +0 buckler
rNeg    . . .      Spirit   .   g - +1 plate armour
rPois   .          Reflect  .   (helmet restricted)
rElec   .          Harm     .   (no cloak)
rCorr   .          Rampage  .   (no gloves)
Will    .....                   (no boots)
Stlth   ..........              l - amulet of regeneration
HPRegen 1.02/turn               (no ring)
MPRegen 0.11/turn               (no ring)

@: no status effects
A: horns 2, retaliatory headbutt
a: Renounce Religion


You were on level 6 of the Dungeon.
You worshipped Makhleb.
Makhleb was aware of your devotion.
You visited 1 branch of the dungeon, and saw 6 of its levels.
You also visited: Sewer.

You collected 138 gold pieces.

Inventory:

Hand Weapons
 a - a +0 war axe (weapon)
Missiles
 b - 35 poisoned darts (quivered)
 m - 2 throwing nets
Armour
 c - a +0 buckler (worn)
 g - a +1 plate armour (worn)
Jewellery
 k - a ring of protection from cold
 l - an amulet of regeneration (around neck)
Wands
 o - a wand of charming (6)
Scrolls
 e - a scroll of blinking
 p - 2 scrolls of teleportation {unknown}
 r - a scroll of silence {unknown}
Potions
 d - a potion of might
 f - a potion of ambrosia
 h - a potion of degeneration {unknown}
 i - 2 potions of cancellation {unknown}
 j - a potion of curing {unknown}
 n - 2 potions of heal wounds
 q - 2 potions of attraction
 s - 4 potions of haste
 t - 2 potions of invisibility {unknown}
 u - a potion of mutation {unknown}
 v - a potion of brilliance {unknown}


   Skills:
 * Level 7.4 Fighting
 * Level 6.9 Axes
 + Level 5.8 Armour
 + Level 4.1 Dodging
 * Level 7.4 Shields
 + Level 1.8 Invocations


You had 7 spell levels left.
You didn't know any spells.
Your spell library contained the following spells:

 Spells                   Type           Power      Damage    Failure   Level
 Call Canine Familiar     Summ           0%         N/A       100%        3
 Ignite Poison            Fire/Tmut/Pois 0%         N/A       100%        3
 Mephitic Cloud           Conj/Pois/Air  0%         N/A       100%        3
 Portal Projectile        Hex/Tloc       0%         N/A       100%        3
 Leda's Liquefaction      Hex/Erth       0%         N/A       100%        4
 Fireball                 Conj/Fire      0%         3d3       100%        5
 Freezing Cloud           Conj/Ice/Air   0%         6-21      100%        5
 Starburst                Conj/Fire      0%         6d3       100%        6
 Ignition                 Fire           0%         3d3       100%        8


Dungeon Overview and Level Annotations

Branches:
Dungeon (6/15)              Sewer (visited)
 Temple: D:4-7

Altars:
Dithmenos
Makhleb
Yredelemnul

Shops:
D:2 (   D:4 [   D:5 =


Innate Abilities, Weirdness & Mutations

You have a pair of horns on your head.
You reflexively headbutt those who attack you in melee.


Message History

You closely miss something.
You hear some strange, mumbled words.
A puff of flame appears from out of thin air!
The puff of flame hits you.
You slash something! Makhleb accepts your kill.
Reactivating autopickup.
You feel a bit more experienced.
Things that are here:
a +0 dagger; a +0 robe; a howler monkey corpse A steam dragon comes into view.
A steam dragon is nearby!
The steam dragon hisses angrily.
Things that are here:
a +0 dagger; a +0 robe; a howler monkey corpse The steam dragon breathes steam at you.
The ball of steam hits you!
You hear an angry hiss.
You are engulfed in a cloud of scalding steam.
You hear a croak.
You are engulfed in a cloud of scalding steam.
The steam dragon bites you. The steam dragon claws you.
You hit the steam dragon.
The steam dragon is lightly wounded.
You are engulfed in a cloud of scalding steam.
The steam dragon breathes steam at you. The ball of steam misses you.
The steam dragon bites you.
* * * LOW HITPOINT WARNING * * *
The steam dragon closely misses you.
You closely miss the steam dragon.
The steam dragon is lightly wounded.
The steam dragon bites you.
* * * LOW HITPOINT WARNING * * *
The steam dragon claws you.
* * * LOW HITPOINT WARNING * * *
You closely miss the steam dragon.
The steam dragon is lightly wounded.
The steam dragon breathes steam at you. The ball of steam hits you!!
You die...

#. #....#
###...#
#....#######..#
##.......)##..#
#...#....###.#
#...#.§.§# #.#
##..##§§.# #.#
..####§###.#
#......§...#
##......@..#
###.....D.#
####....#
####.# ..# ..#
..#


You could see a steam dragon (catching breath).

Vanquished Creatures
  Eustachio (D:5)
  A black bear (D:5)
  2 ogres (D:5)
  A phantom (D:6)
  4 kobold brigands (Sewer)
  A bullfrog (D:5)
  2 scorpions (D:5)
  A water moccasin zombie (D:5)
  2 howler monkeys
  A centaur zombie (D:6)
  2 jellies (D:5)
  An orc priest (D:4)
  2 hounds
  A gnoll shaman (D:5)
  A scorpion zombie (D:4)
  2 orc wizards
  Natasha (twice) (D:4)
  An iguana (D:6)
  3 gnolls (D:5)
  8 adders
  A shadow imp (D:5)
  A white imp (D:6)
  4 adder zombies (D:4)
  An adder skeleton (D:4)
  3 dart slugs
  7 orcs
  11 ball pythons
  5 bats
  4 endoplasms
  10 giant cockroaches
  3 hobgoblins
  10 jackals
  20 kobolds
  8 quokkas
  8 frilled lizards
  6 goblins
  7 rats
148 creatures vanquished.

Vanquished Creatures (others)
  2 fungi (Sewer)
  6 plants (Sewer)
8 creatures vanquished.

Grand Total: 156 creatures vanquished

Notes
Turn   | Place    | Note
-------+----------+-------------------------------------------
     0 | D:1      | PezBoy the Minotaur Fighter began the quest for the Orb.
     0 | D:1      | Reached XP level 1. HP: 19/19 MP: 0/0
   175 | D:1      | Reached XP level 2. HP: 27/27 MP: 1/1
   574 | D:1      | Reached XP level 3. HP: 33/33 MP: 2/2
   802 | D:2      | Found a faded altar of an unknown god.
   884 | D:2      | Reached skill level 1 in Dodging
  1107 | D:2      | Found Neischeh's Weapon Shop.
  1452 | D:2      | You fall into a shaft and drop 1 floor!
  1881 | D:3      | Reached XP level 4. HP: 35/40 MP: 3/3
  2775 | D:4      | Found a basalt altar of Yredelemnul.
  2907 | D:4      | Found Lefoacs's Antique Armour Shop.
  2973 | D:4      | Reached XP level 5. HP: 47/47 MP: 4/4
  3098 | D:4      | Noticed Natasha
  3105 | D:4      | Killed Natasha
  3709 | D:4      | Reached skill level 5 in Shields
  3712 | D:4      | Reached skill level 5 in Fighting
  3712 | D:4      | Reached XP level 6. HP: 26/56 MP: 5/5
  3919 | D:4      | Noticed Natasha
  3928 | D:4      | Killed Natasha
  4036 | D:5      | Entered Level 5 of the Dungeon
  4239 | D:5      | Found Meobuemp's Jewellery Emporium.
  4292 | D:5      | Noticed Eustachio
  4519 | D:5      | Reached skill level 5 in Axes
  4519 | D:5      | Reached XP level 7. HP: 61/61 MP: 6/6
  4532 | D:5      | Found a burning altar of Makhleb.
  4537 | D:5      | Became a worshipper of Makhleb the Destroyer
  4564 | D:5      | Killed Eustachio
  4565 | D:5      | Reached skill level 5 in Armour
  4962 | D:5      | Found a shadowy altar of Dithmenos.
  5053 | D:5      | Reached XP level 8. HP: 71/71 MP: 7/7
  5264 | D:6      | Found a glowing drain.
  5288 | Sewer    | Entered a sewer
  5315 | Sewer    | Reached * piety under Makhleb
  5316 | Sewer    | Reached skill level 1 in Invocations
  5731 | D:6      | Killed from afar by a steam dragon

Illustrated notes

Levels and vault maps discovered:
D:1:      sevenhm_arrival_forest_fort_small_3, layout_rooms
D:2:      layout_basic, serial_shops, shop,
          hellmonk_ecumenical_altar_arch_garden, hex_intersection
D:3:      layout_loops_corners, corexii_leaking_fountain,
          minmay_misc_feat_ornament, grunt_ministairs_2,
          minmay_misc_feat_diagonals
D:4:      layout_cave_pods, nicolae_yredelemnul_corpse_copse,
          nicolae_stop_n_shop_1, uniq_natasha
D:5:      layout_basic, lemuel_crystal_altar, lemuel_doored_altar, serial_shops,
          nicolae_diamond_shop, uniq_eustachio
D:6:      minmay_recursive_quarters, layout_basic, amcnicky_altar_gilded,
          minmay_temple_entry_glassed_door, gup_sewer_entry_glass,
          gammafunk_ghost_arena, uniq_maggie, uniq_sigmund

Skill      XL: |  1  2  3  4  5  6  7  8 |
---------------+-------------------------+-----
Shields        | 4 5 6 7 |  7.4
Fighting       | 4 5 6 7 |  7.4
Axes           | 3 4 5 6 |  6.9
Dodging        | 1 2 3 4 |  4.1
Armour         | 4 5 |  5.8
Invocations    | 1 |  1.8

Action                   |  1- 3 |  4- 6 |  7- 9 || total
-------------------------+-------+-------+-------++-------
Melee: War axe           |   115 |   137 |   124 ||   376
       Headbutt          |    11 |    24 |    21 ||    56
Throw: Dart              |       |       |     7 ||     7
  Use: Scroll            |       |    10 |       ||    10
       Potion            |       |       |     2 ||     2
Armor: Scale mail        |    17 |       |       ||    17
       Plate armour      |    56 |    96 |    98 ||   250
Dodge: Dodged            |    61 |    60 |    39 ||   160
Block: Buckler           |    31 |    37 |    31 ||    99

Table legend: (Time is in decaauts)
 A = Elapsed time spent in this place.
 B = Non-inter-level travel time spent in this place.
 C = Inter-level travel time spent in this place.
 D = Time resting spent in this place.
 E = Time spent auto-exploring this place.
 F = Levels seen in this place.
 G = Mean time per level.
                   A        B        C        D        E       F      G
               +--------+--------+--------+--------+--------+-----+--------+
         Total |   5894 |   5686 |    208 |    180 |   4377 |   7 |  842.0 |
       Dungeon |   5559 |   5351 |    208 |    180 |   4209 |   6 |  926.5 |
         Sewer |    334 |    334 |      0 |      0 |    168 |   1 |  334.0 |
               +--------+--------+--------+--------+--------+-----+--------+

Top non-repeatable levels by time:
     D:4: 1503 daAuts
     D:3: 1085 daAuts
     D:5: 1023 daAuts
     D:2: 916 daAuts
     D:1: 820 daAuts
   Sewer: 334 daAuts
     D:6: 210 daAuts
